 Dungeon Sprint DCSS version 0.31-a0-37-g98a128e1d9 (webtiles) character file.

Game seed: 124138600921722113

11 sircluck the Ruffian (level 2, 0/29 HPs)
             Began as a Troll Berserker on May 15, 2023.
             Was a Priest of Trog.
             Slain by a gnoll sergeant
             ... wielding a +1 spear of flaming
              (7 damage)
             ... in the Dungeon (Sprint VII: "The Pits").
             The game lasted 00:00:20 (242 turns).

sircluck the Ruffian (Troll Berserker)               Turns: 242, Time: 00:00:21

Health: 0/29       AC:  4    Str: 24    XL:     2   Next: 17%
Magic:  1/1        EV: 10    Int:  3    God:    Trog [***...]
Gold:   0          SH:  0    Dex:  9    Spells: 1/1 levels left

rFire   . .          .
                       - Unarmed
rCold   . . .        (no shield)
rNeg    . . .        a - +0 animal skin
rPois   .            (helmet restricted)
rElec   .            (no cloak)
rCorr   .            (gloves unavailable)
SInv    .            (boots unavailable)
Will    .....        (no amulet)
Stlth   +            (no ring)
HPRegen 1.04/turn    (no ring)
MPRegen 0.07/turn

%: no teleportation
@: no status effects
A: large, unfitting armour, claws 3, regeneration 1, shaggy fur 1, tough skin 1
a: Renounce Religion, Berserk, Trog's Hand


You were in the Dungeon.
You worshipped Trog.
Trog was most pleased with you.
You visited 1 branch

Inventory:

Missiles
 j - 10 stones (quivered)
Armour
 a - a +0 animal skin (worn)
Scrolls
 g - a scroll of blinking
 i - a scroll of summoning
Potions
 b - a potion of curing
 c - a potion of heal wounds
 d - a potion of haste
 e - 4 potions of magic
 f - 3 potions of berserk rage
 h - 2 potions of invisibility


   Skills:
 + Level 2.7 Fighting
 + Level 3.2 Dodging
 + Level 4.4 Unarmed Combat


You had one spell level left.
You didn't know any spells.
Your spell library was empty.

Dungeon Overview and Level Annotations

Branches:
Dungeon (1/1)

Altars:
Ashenzari
Cheibriados
Dithmenos
Elyvilon
Fedhas
Gozag
Hepliaklqana
Kikubaaqudgha
Makhleb
Nemelex Xobeh
Okawaru
Qazlal
Ru
Sif Muna
Trog
Uskayaw
Vehumet
Wu Jian
Xom
Yredelemnul
Zin
The Shining One
Jiyva
Lugonu


Innate Abilities, Weirdness & Mutations

You are too large for most types of armour.
You have claws for hands.
Your natural rate of healing is unusually fast.
You are covered in fur. (AC +1)
You have tough skin. (AC +1)


Message History

There are monsters nearby!
There are monsters nearby!
There are monsters nearby!
There are monsters nearby!
There are monsters nearby!
There are monsters nearby!
You scratch the gnoll.
The gnoll is moderately wounded.
An orc comes into view. It is wielding a +0 club.
There are monsters nearby!
There are monsters nearby!
There are monsters nearby!
You scratch the gnoll.
The gnoll is severely wounded.
The gnoll hits you with a +0 whip. The gnoll hits you with a +0 club.
You scratch the gnoll.
The gnoll is almost dead.
The gnoll misses you. The gnoll closely misses you.
The gnoll sergeant hits you from afar with a +1 spear of flaming!
The gnoll sergeant burns you.
* * * LOW HITPOINT WARNING * * *
You are too injured to fight recklessly!
You are too injured to fight recklessly!
You are too injured to fight recklessly!
You are too injured to fight recklessly!
You are too injured to fight recklessly!
You are too injured to fight recklessly!
You are too injured to fight recklessly!
You are too injured to fight recklessly!
You are too injured to fight recklessly!
You are too injured to fight recklessly!
You are too injured to fight recklessly!
You are too injured to fight recklessly!
You are too injured to fight recklessly!
Unknown command.
You barely miss the gnoll.
The gnoll is almost dead.
The gnoll completely misses you.
The gnoll sergeant hits you from afar with a +1 spear of flaming!
You die...

#_________.#
#_______...###########++##
##########'##.............
#.?..')))'.##......#..#...
##########†##.............
#.........†.'.............
+#####'#####......#..#...
#.†#..##.............
+..†@g#####'#####''##
####g###.......##''#


gs. #.......##..# Jo..##.......##..# #+#####...<...##..# #.......##..#
#.......##..#. #.......##..+. ##########..+. You could see a gnoll sergeant, a
scorpion, 2 gnolls, an orc and an endoplasm.

Vanquished Creatures
  A bat skeleton (D)
  7 jackals (D)
  A rat (D)
9 creatures vanquished.

Notes
Turn   | Place    | Note
-------+----------+-------------------------------------------
     0 | D        | sircluck the Troll Berserker began the quest for the Orb.
     0 | D        | Reached XP level 1. HP: 22/22 MP: 0/0
    21 | D        | Noticed a hornet
    21 | D        | Noticed a small abomination
   162 | D        | Reached ** piety under Trog
   167 | D        | Found a bloodstained altar of Trog.
   167 | D        | Found a shimmering blue altar of Sif Muna.
   167 | D        | Found a viscous altar of Jiyva.
   167 | D        | Found a hazy altar of Hepliaklqana.
   167 | D        | Found an opulent altar of Gozag.
   168 | D        | Found a glowing golden altar of the Shining One.
   168 | D        | Found a glowing silver altar of Zin.
   168 | D        | Found a basalt altar of Yredelemnul.
   168 | D        | Found a shimmering altar of Xom.
   168 | D        | Found an ornate altar of the Wu Jian Council.
   168 | D        | Found a sacrificial altar of Ru.
   168 | D        | Found a stormy altar of Qazlal.
   168 | D        | Found an iron altar of Okawaru.
   168 | D        | Found a sparkling altar of Nemelex Xobeh.
   168 | D        | Found a burning altar of Makhleb.
   168 | D        | Found a blossoming altar of Fedhas.
   168 | D        | Found a white marble altar of Elyvilon.
   168 | D        | Found a shadowy altar of Dithmenos.
   168 | D        | Found a snail-covered altar of Cheibriados.
   193 | D        | Found a radiant altar of Vehumet.
   193 | D        | Found a corrupted altar of Lugonu.
   194 | D        | Found an ancient bone altar of Kikubaaqudgha.
   194 | D        | Found a hide-covered altar of Uskayaw.
   194 | D        | Found a broken altar of Ashenzari.
   221 | D        | Reached skill level 4 in Unarmed Combat
   227 | D        | Reached *** piety under Trog
   228 | D        | Reached XP level 2. HP: 23/29 MP: 1/1
   238 | D        | Noticed a scorpion
   238 | D        | Noticed a gnoll sergeant
   242 | D        | Slain by a gnoll sergeant

Illustrated notes

Levels and vault maps discovered:
D:        pitsprint [storerooms_1, entrance_room_1, metal_vault_1, armoury_1,
          mini_pit_1, grid_room_1, main_hall_1, silver_pit, the_coven_1,
          the_vestibule_1, steel_vault_2, golden_pit, hallway_of_sentries,
          crystal_vault_3, iron_vault_2, final_vault]

Skill      XL: |  1 |
---------------+----+-----
Dodging        | 3 |  3.2
Unarmed Combat | 4 |  4.4
Fighting       | |  2.7

Action                     || total
---------------------------++-------
  Melee: Unarmed           ||    25
         Punch             ||     1
 Armour: Animal skin       ||    12
  Dodge: Dodged            ||    19

Table legend: (Time is in decaauts)
 A = Elapsed time spent in this place.
 B = Non-inter-level travel time spent in this place.
 C = Inter-level travel time spent in this place.
 D = Time resting spent in this place.
 E = Time spent auto-exploring this place.
 F = Levels seen in this place.
 G = Mean time per level.
                   A        B        C        D        E       F      G
               +--------+--------+--------+--------+--------+-----+--------+
         Total |    240 |    215 |     25 |    100 |     30 |   1 |  240.0 |
       Dungeon |    240 |    215 |     25 |    100 |     30 |   1 |  240.0 |
               +--------+--------+--------+--------+--------+-----+--------+

Top non-repeatable levels by time:
       D: 240 daAuts
